 Dungeon Crawl Stone Soup version 0.28.0-53-g5a82cb258f (webtiles) character file.

Game seed: 2726169815917647893

7 Legadrian the Skirmisher (level 1, -2/20 HPs)
             Began as a Minotaur Fighter on July 5, 2022.
             Frozen to death by an endoplasm (3 damage)
             ... on level 1 of the Dungeon.
             The game lasted 00:00:34 (58 turns).

Legadrian the Skirmisher (Minotaur Fighter)           Turns: 58, Time: 00:00:34

Health: -2/20      AC:  6    Str: 20    XL:     1   Next: 83%
Magic:  0/0        EV:  9    Int:  5    God:
Gold:   0          SH:  4    Dex:  9    Spells: 0/0 levels left

rFire   . . .      SeeInvis .   a - +0 flail
rCold   . . .      Faith    .   c - +0 buckler
rNeg    . . .      Spirit   .   b - +0 scale mail
rPois   .          Reflect  .   (helmet restricted)
rElec   .          Harm     .   (no cloak)
rCorr   .          Rampage  .   (no gloves)
Will    .....                   (no boots)
Stlth   ..........              (no amulet)
HPRegen 0.06/turn               (no ring)
MPRegen 0.07/turn               (no ring)

@: no status effects
A: horns 2, retaliatory headbutt
a: no special abilities


You were on level 1 of the Dungeon.
You visited 1 branch of the dungeon, and saw 1 of its levels.

Inventory:

Hand Weapons
 a - a +0 flail (weapon)
 e - a +0 dagger
Armour
 b - a +0 scale mail (worn)
 c - a +0 buckler (worn)
Scrolls
 f - a scroll of torment {unknown}
Potions
 d - a potion of might


   Skills:
 + Level 4.2 Fighting
 - Level 2.4 Maces & Flails
 - Level 3.6 Armour
 - Level 3.6 Shields


You couldn't memorise any spells.
You didn't know any spells.
Your spell library was empty.

Dungeon Overview and Level Annotations

Branches:
Dungeon (1/15)

Altars:


Innate Abilities, Weirdness & Mutations

You have a pair of horns on your head.
You reflexively headbutt those who attack you in melee.


Message History

The dart slug launches a dart at you.
The slug dart hits you but does no damage.
You block the endoplasm's attack. The endoplasm closely misses you.
The dart slug closely misses you. The endoplasm hits you.
The dart slug bites you but does no damage.
The endoplasm hits you but does no damage.
The dart slug bites you but does no damage.
The endoplasm barely misses you. The endoplasm freezes you.
You are frozen.
You block the dart slug's attack. The endoplasm freezes you.
You are frozen.
* * * LOW HITPOINT WARNING * * *
The dart slug bites you but does no damage.
The endoplasm barely misses you.
The endoplasm hits you but does no damage.
The frilled lizard unfolds its giant frill.
The dart slug closely misses you.
The endoplasm hits you but does no damage.
The dart slug launches a dart at you.
The slug dart hits you but does no damage.
The endoplasm freezes you.
You are frozen.
* * * LOW HITPOINT WARNING * * *
The endoplasm closely misses you.
The dart slug bites you but does no damage.
The endoplasm hits you but does no damage.
The dart slug barely misses you.
The endoplasm hits you but does no damage.
The dart slug launches a dart at you. You block the slug dart.
The endoplasm hits you but does no damage.
The endoplasm freezes you.
You are frozen.
* * * LOW HITPOINT WARNING * * *
The dart slug misses you. You furiously retaliate!
You headbutt the dart slug. The endoplasm freezes you.
You are frozen.
You die...

..# .. .# # #.. . ..
#. #.## .##. #.##
##.$##! . ####...
..... .##
.......###.#.##..##..
##.†.##.#.#w......
##.......).@Jl.....
##..>...)#..####....
..........†### .
#####...#.## ##.##.#
#.##.#######.
#............
####.#######. #.#
####.


You could see a dart slug, an endoplasm and a frilled lizard.

Vanquished Creatures
  An endoplasm (D:1)
  2 goblins (D:1)
  2 ball pythons (D:1)
  A frilled lizard (D:1)
6 creatures vanquished.

Notes
Turn   | Place    | Note
-------+----------+-------------------------------------------
     0 | D:1      | Legadrian the Minotaur Fighter began the quest for the Orb.
     0 | D:1      | Reached XP level 1. HP: 19/19 MP: 0/0
    28 | D:1      | Reached skill level 4 in Fighting
    57 | D:1      | HP: 1/20 [frozen (4)]
    58 | D:1      | Frozen to death by an endoplasm

Illustrated notes

Levels and vault maps discovered:
D:1:      mrwooster_arrival_statue, layout_loops_ring, minmay_tetromino_s4

Skill      XL: |  1 |
---------------+----+-----
Fighting       | 4 |  4.2
Maces & Flails | |  2.4
Armour         | |  3.6
Shields        | |  3.6

Action                   || total
-------------------------++-------
Melee: Flail             ||    11
Armor: Scale mail        ||    16
Dodge: Dodged            ||    15
Block: Buckler           ||     6
